 Dungeon Crawl Stone Soup version 0.23-a0-389-g4a5eb33 (webtiles) character file.

8 iamserjio the Magician (level 2, 0/15 HPs)
             Began as a Deep Elf Wanderer on Oct 29, 2018.
             Slain by a leopard gecko (2 damage)
             ... on level 1 of the Dungeon.
             The game lasted 00:02:59 (252 turns).

iamserjio the Magician (Deep Elf Wanderer)           Turns: 252, Time: 00:03:00

Health: 0/15       AC:  2    Str:  8    XL:     2   Next: 0%
Magic:  0/10       EV: 12    Int: 17    God:
Gold:   34         SH:  0    Dex: 14    Spells: 11/12 levels left

rFire    . . .     SeeInvis .   e - +0 dagger
rCold    . . .     Gourm    .   (no shield)
rNeg     . . .     Faith    .   d - +0 robe
rPois    .         Spirit   .   (no helmet)
rElec    .         Reflect  .   (no cloak)
rCorr    .         Harm     .   (no gloves)
MR       .....                  (no boots)
Stlth    ++........             (no amulet)
HPRegen  0.05/turn              (no ring)
MPRegen  0.12/turn              (no ring)

@: very slightly contaminated
A: no striking features
a: no special abilities


You were on level 1 of the Dungeon.
You were not hungry.

You visited 1 branch of the dungeon, and saw 1 of its levels.

You collected 34 gold pieces.

Inventory:

Hand Weapons
 e - a +0 dagger (weapon)
Missiles
 g - 8 javelins (quivered)
Armour
 d - a +0 robe (worn)
Wands
 a - a wand of enslavement (15)
Scrolls
 b - a scroll of fog {unknown}
 h - a scroll of teleportation {unknown}
Potions
 c - a potion of resistance {unknown}
Comestibles
 f - a ration


   Skills:
 * Level 1.1 Dodging
 - Level 1.2 Stealth
 + Level 5.9 Spellcasting
 + Level 0.5 Conjurations
   Level 1.5 Charms
   Level 1.1 Transmutations
   Level 1.1 Fire Magic
   Level 1.0 Air Magic
 + Level 0.5 Poison Magic
 - Level 1.1 Evocations


You had 11 spell levels left.
You knew the following spells:

 Your Spells              Type           Power        Failure   Level  Hunger
a - Sting                 Conj/Pois      #...         11%         1    None

Your spell library contained the following spells:

 Spells                   Type           Power        Failure   Level  Hunger
 Sticks to Snakes         Tmut           #.......     12%         2    None
 Passwall                 Tmut/Erth      #.......     16%         2    None
 Spider Form              Tmut/Pois      #.........   28%         3    ##.....


Dungeon Overview and Level Annotations

Branches:
Dungeon (1/15)

Altars:


Message History

* * * LOW HITPOINT WARNING * * *
The leopard gecko closely misses you.
Casting: Sting (safe; 11% risk of failure)
Aiming: Sting (safe; 11% risk of failure)
Aim: a leopard gecko (severely wounded, clinging)
The sting hits the leopard gecko.
A giant cockroach comes into view.
The leopard gecko completely misses you.
The leopard gecko bites you but does no damage.
The leopard gecko hisses menacingly.
Found a ration and 10 gold pieces.
The leopard gecko bites you but does no damage.
Casting: Sting (safe; 11% risk of failure)
Aiming: Sting (safe; 11% risk of failure)
Aim: a leopard gecko (almost dead, clinging)
You miscast Sting.
Nothing appears to happen.
The leopard gecko bites you.
* * * LOW HITPOINT WARNING * * *
You barely miss the leopard gecko. The leopard gecko closely misses you.
You barely miss the leopard gecko. The leopard gecko bites you.
You die...

#.# ##...## #.# . #.. ..
#.# #P...P# #.# # ## #.#
##...## ##.####.# #.#
#P...P####.......# ###
#.# ##...##..........#
...
##.###P...P#.##...###.#
### #...###...##....?.#
#
#.#...#.<.#....l..###.##
......######.###@.......
######.# #.# ##.......
#.# #.# ...#.## # ## #.#
....%# #.. .....# ##
....$# ...### ...#


You could see a leopard gecko.

Vanquished Creatures
  A bat (D:1)
  2 goblins (D:1)
  A hobgoblin (D:1)
  A frilled lizard (D:1)
  A kobold (D:1)
  2 rats (D:1)
8 creatures vanquished.

Notes
Turn   | Place    | Note
-------+----------+-------------------------------------------
     0 | D:1      | iamserjio the Deep Elf Wanderer began the quest for the
                  | Orb.
     0 | D:1      | iamserjio set off with the following items: a wand of
                  | enslavement (15), a +0 robe, a +0 dagger, a ration; and the
                  | following spell memorised: Sting; and the following spells
                  | available to memorise: Sticks to Snakes, Passwall, Spider
                  | Form
     0 | D:1      | Reached XP level 1. HP: 10/10 MP: 9/9
   200 | D:1      | Reached skill level 1 in Dodging
   230 | D:1      | Reached XP level 2. HP: 8/15 MP: 2/10
   252 | D:1      | Slain by a leopard gecko

Vault maps used:
D:1:      minmay_arrival_plants_in_alcoves

Skill      XL: |  1 |
---------------+----+-----
Dodging        | 1 |  1.1
Stealth        | |  1.2
Spellcasting   | |  5.9
Conjurations   | |  0.5
Charms         | |  1.5
Transmutations | |  1.1
Fire Magic     | |  1.1
Air Magic      | |  1.0
Poison Magic   | |  0.5
Evocations     | |  1.1

Action                   || total
-------------------------++-------
Melee: Dagger            ||    11
 Cast: Sting             ||    21
Armor: Robe              ||     6
Dodge: Dodged            ||    13

Table legend:
 A = Non-vault XP
 B = Vault XP
 C = Vault XP percentage of total XP
 D = Non-vault monster count
 E = Vault monster count
 F = Vault count percentage of total count
                 A         B        C        D         E       F
            +---------+---------+-------+---------+---------+-------
      Total |      12 |       0 |   0.0 |       8 |       0 |   0.0
            +---------+---------+-------+---------+---------+-------
        D:1 |      12 |       0 |   0.0 |       8 |       0 |   0.0
            +---------+---------+-------+---------+---------+-------
